 Dungeon Crawl Stone Soup version 0.22-a0-803-gd6d8abeff0 (webtiles) character file.

96475 PikkenKukken the Fighter (level 15, -5/122 HPs)
             Began as a Demonspawn Fighter on July 19, 2018.
             Was the Champion of Okawaru.
             Slain by an orc warrior
             ... wielding a +0 long sword
             ... led by Saint Roka
              (8 damage)
             ... while paralysed by an orc sorcerer
             ... on level 2 of the Snake Pit on July 22, 2018.
             The game lasted 01:50:45 (24158 turns).

PikkenKukken the Fighter (Demonspawn Fighter)      Turns: 24158, Time: 01:50:47

Health: -5/122     AC: 25    Str: 18    XL:     15   Next: 69%
Magic:  25/25      EV:  2    Int:  6    God:    Okawaru [******]
Gold:   1285       SH:  0    Dex: 20    Spells: 14/14 levels left

rFire    + . .     SeeInvis .   S - +6 quick blade (freeze)
rCold    + . .     Gourm    .   k - +2 shield of Hadjma {rC+ Int-4 Slay+3}
rNeg     + . .     Faith    .   P - +1 plate armour {rF+}
rPois    +         Spirit   .   D - +2 hat {MR+}
rElec    .         Reflect  .   g - +1 cloak
rCorr    .         Harm     .   c - +0 pair of gloves {Dex+3}
MR       ++...                  V - +2 pair of boots
Stlth    ..........             a - amulet of the acrobat
HPRegen  2.30/turn              H - ring of poison resistance
MPRegen  0.19/turn              A - +3 ring of slaying (curse)

@: paralysed
A: antennae 2, large bone plates 3, blurry vision 1, high mp 1, negative energy
resistance 1, powered by death 2, screaming 1, spiny 2, MP-powered wands
a: Heroism, Finesse, Renounce Religion


You were on level 2 of the Snake Pit.
You worshipped Okawaru.
Okawaru was exalted by your worship.
You were not hungry.

You visited 4 branches of the dungeon, and saw 21 of its levels.
You also visited: Ice Cave.

You collected 2439 gold pieces.
You spent 1154 gold pieces at shops.

Inventory:

Hand Weapons
 S - a +6 quick blade of freezing (weapon)
Armour
 c - a +0 pair of gloves of dexterity (worn)
 g - a +1 cloak (worn)
 k - the +2 shield of Hadjma (worn) {rC+ Int-4 Slay+3}
   (You bought it in a shop on level 4 of the Dungeon)

   It affects your intelligence (-4).
   It affects your accuracy and damage with ranged weapons and melee attacks
   (+3).
   It protects you from cold.
 D - a +2 hat of magic resistance (worn)
 P - a +1 plate armour of fire resistance (worn)
 V - a +2 pair of boots (worn)
Jewellery
 a - an amulet of the acrobat (around neck)
 o - a +5 ring of strength
 q - an uncursed ring of resist corrosion
 z - an uncursed amulet of rage
 A - a cursed +3 ring of slaying (right hand)
 B - a +3 ring of dexterity
 F - an uncursed ring of see invisible
 H - a ring of poison resistance (left hand)
Wands
 b - a wand of acid (10)
 p - a wand of clouds (5)
 s - a wand of paralysis (26)
 t - a wand of digging (22)
 I - a wand of disintegration (13)
 J - a wand of enslavement (20)
 N - a wand of flame (19)
 O - a wand of iceblast (9)
Scrolls
 j - 11 scrolls of teleportation
 x - 2 scrolls of enchant armour
 y - 4 scrolls of enchant weapon
 G - 4 scrolls of identify
 L - 6 scrolls of remove curse
 M - a scroll of fog
 Q - a scroll of magic mapping
 T - 2 scrolls of blinking
 W - 2 scrolls of fear
Potions
 d - 7 potions of might
 e - 2 potions of resistance
 h - 6 potions of flight
 i - a potion of agility
 l - 2 potions of berserk rage
 m - 2 potions of invisibility
 n - 2 potions of magic
 r - 3 potions of brilliance
 u - 7 potions of curing
 v - 5 potions of heal wounds
 w - 4 potions of haste
 C - 2 potions of cancellation
 E - a potion of ambrosia
 K - a potion of mutation
Miscellaneous
 Y - 2 boxes of beasts
Comestibles
 f - 35 rations
 R - 9 chunks of flesh


   Skills:
 + Level 12.5 Fighting
 + Level 11.3 Short Blades
 + Level 11.5 Armour
 + Level 8.0 Dodging
 + Level 11.6 Shields
 - Level 8.0 Invocations
 - Level 11.0 Evocations


You had 14 spell levels left.
You didn't know any spells.
Your spell library contained the following spells:

 Spells                   Type           Power        Failure   Level  Hunger
 Cause Fear               Hex            #.........   100%        4    #####..
 Fireball                 Conj/Fire      #.........   100%        5    ######.
 Conjure Flame            Conj/Fire      #.......     100%        3    ####...
 Throw Flame              Conj/Fire      #.....       100%        2    ###....
 Animate Dead             Necr           N/A          100%        4    #####..
 Pain                     Necr           #...         100%        1    ##.....
 Animate Skeleton         Necr           N/A          100%        1    ##.....
 Vampiric Draining        Necr           #.........   100%        3    ####...
 Sticky Flame             Conj/Fire      #.......     100%        4    #####..
 Regeneration             Chrm/Necr      #.........   100%        3    ####...
 Corpse Rot               Necr           N/A          100%        2    ###....
 Stone Arrow              Conj/Erth      #.....       100%        3    ####...
 Deflect Missiles         Chrm/Air       #.........   100%        6    #######
 Flame Tongue             Conj/Fire      #....        100%        1    ##.....
 Silence                  Hex/Air        #.........   100%        5    ######.
 Leda's Liquefaction      Hex/Erth       #.........   100%        4    #####..
 Summon Hydra             Summ           #.........   100%        7    #######
 Inner Flame              Hex/Fire       #.......     100%        3    ####...
 Discord                  Hex            #.........   100%        8    #######
 Summon Forest            Summ/Tloc      #.........   100%        5    ######.
 Hydra Form               Tmut           #.........   100%        6    #######
 Yara's Violent Unravell  Hex/Tmut       #.........   100%        5    ######.


Dungeon Overview and Level Annotations

Branches:
Dungeon (11/15)            Temple (0/1) D:4            Lair (6/6) D:8
 Shoals (0/4) Lair:4        Snake (2/4) Lair:4        Slime (0/5) Lair:5
    Orc (2/2) D:11            Elf (0/3) Orc:2

Altars:
Cheibriados
Fedhas
Gozag
Okawaru
Qazlal
Trog
Yredelemnul
Beogh
Jiyva

Shops:
D:4 [[   Orc:2 *=[(

Annotations:
D:11 3 runed doors, Brozuf's ghost, journeyman TrMo
Lair:4 exclusion: oklob plant
Snake:2 Saint Roka


Innate Abilities, Weirdness & Mutations

You have a pair of antennae on your head.
You are completely covered in large bone plates. (SH +8)
You resist negative energy. (rN+)
You regenerate health from kills.
You are mostly covered in sharp spines.
Scrolls take you a little longer to read.
You have an increased reservoir of magic. (+10% MP)
You occasionally shout uncontrollably at your foes.
You expend magic power (3 MP) to strengthen your wands.


Message History

The chaos spawn barely misses you.
You feel sick.
You are no longer poisoned.
The chaos spawn hits you but does no damage.
The orc warrior is struck by your spines.
The orc warrior hits you with a long sword.
The orc warrior hits you from afar with a trident!
* * * LOW HITPOINT WARNING * * *
The orc wizard is struck by your spines.
The orc wizard hits you but does no damage.
The orc hits you with a flail.
* * * LOW HITPOINT WARNING * * *
The naga sharpshooter gestures wildly while chanting.
The naga sharpshooter magically shoots a bolt.
The bolt hits you!!
* * * LOW HITPOINT WARNING * * *
The chaos spawn is struck by your spines.
The chaos spawn gores you but does no damage.
The orc warrior hits you with a long sword!
You die...

..............#
..............#
..............##
...............##
.......[.........
.................
.........).......
........3$[......
........o@oo.....
........oo4....##
.......[.o.o..##
.............##
...............
........N......
...............
...............


You could see Saint Roka, a naga sharpshooter, a smoke demon, a chaos spawn, an
orc sorcerer, 2 orc warriors, an orc wizard and 2 orcs.

Vanquished Creatures
  Gastronok (D:9)
  An orc warlord (Orc:1)
  Aizul (Snake:1)
  Nessos (Lair:4)
  Snorg (Lair:5)
  A death ooze (Lair:2)
  A fire dragon (Lair:6)
  Josephine (Lair:3)
  3 naga warriors (Snake:1)
  5 hydras
  2 catoblepae
  3 two-headed ogres
  2 anacondas
  3 death yaks (Lair:6)
  The ghost of Iratt the Grappler, a journeyman VSMo of Elyvilon (Lair:2)
  A naga sharpshooter (Snake:1)
  3 orc high priests (Orc:2)
  Urug (Lair:3)
  2 shock serpents (Snake:1)
  The ghost of Ywein the Carver, a novice MiFi (D:6)
  The ghost of GordonOverkill the Cleaver, a novice DEBe of Trog (D:10)
  A sea snake (Snake:2)
  A swamp dragon (Lair:6)
  A naga ritualist (Snake:2)
  An unseen horror (D:10)
  A lindwurm (Lair:6)
  Pikel (D:7)
  A merfolk siren (Lair:4)
  6 orc knights
  4 mana vipers
  2 ugly things (IceCv)
  A deep elf mage (D:11)
  5 orc sorcerers
  3 cyclopes
  6 elephants (Lair:6)
  2 torpor snails
  3 ice statues (IceCv)
  3 guardian serpents
  20 black mambas
  4 naga magi
  Joseph (D:8)
  8 komodo dragons
  12 spiny frogs
  10 rime drakes
  5 trolls
  2 merfolk (Lair:4)
  A queen bee (D:8)
  4 slime creatures (Lair:2)
  7 dream sheep (Lair:6)
  15 hippogriffs
  9 blink frogs
  5 wraiths
  33 yaks
  A spriggan (D:8)
  3 fire bats (Lair:6)
  8 wyverns
  A hungry ghost (D:11)
  2 steam dragons
  11 basilisks
  5 wargs
  16 nagas
  A soldier ant (D:5)
  6 acid dragons
  5 water moccasins
  2 swamp drakes (Lair:6)
  Duvessa (D:7)
  4 porcupines
  16 ice beasts
  38 orc warriors
  4 sky beasts
  5 necrophages
  A black bear (D:7)
  8 ogres
  3 phantoms
  21 wolves
  15 centaurs
  18 crocodiles
  A big kobold (D:10)
  10 bullfrogs
  A gnoll sergeant (D:6)
  3 troll zombies (D:11)
  Dowan (D:7)
  16 killer bees (D:8)
  5 scorpions
  3 wights (D:11)
  A howler monkey (D:8)
  A bullfrog zombie (D:5)
  7 crimson imps
  3 quasits (D:6)
  2 bullfrog skeletons
  4 hounds
  14 orc priests
  3 centaur zombies
  A gnoll shaman (D:4)
  9 jellies
  3 centaur skeletons
  An iguana (Lair:6)
  26 orc wizards
  4 hell rats (Lair:5)
  10 worker ants
  3 ogre zombies (D:11)
  4 hound skeletons
  11 gnolls
  A howler monkey skeleton (D:4)
  9 adders
  3 shadow imps
  4 oozes
  An adder zombie (D:10)
  An adder skeleton (D:6)
  3 worms
  2 dart slugs
  6 leopard geckos
  87 orcs
  6 bats
  7 giant cockroaches
  9 goblins
  8 hobgoblins
  2 jackals (D:2)
  12 kobolds
  6 quokkas
  2 ball pythons (D:3)
  A goblin skeleton (D:11)
  4 goblin zombies (D:11)
  3 hobgoblin zombies (D:11)
  A leopard gecko zombie (D:5)
  3 orc skeletons (D:11)
  8 orc zombies (D:11)
  5 rats
  A bush (D:10)
751 creatures vanquished.

Vanquished Creatures (collateral kills)
  A merfolk siren (Lair:4)
  A rime drake (Lair:4)
  An orc warrior (Orc:2)
  An orc wizard (Orc:1)
  3 orcs
7 creatures vanquished.

Vanquished Creatures (others)
  An orc warrior (Snake:2)
  An orc wizard (Orc:2)
  38 fungi
  27 plants
67 creatures vanquished.

Grand Total: 825 creatures vanquished

Notes
Turn   | Place    | Note
-------+----------+-------------------------------------------
     0 | D:1      | PikkenKukken the Demonspawn Fighter began the quest for the Orb.
     0 | D:1      | Reached XP level 1. HP: 18/18 MP: 1/1
   337 | D:1      | Gained mutation: You regenerate a little health from kills. [demonic ancestry]
   337 | D:1      | Reached XP level 2. HP: 24/24 MP: 2/2
   930 | D:2      | Gained mutation: You regenerate health from kills. [demonic ancestry]
   930 | D:2      | Reached XP level 3. HP: 29/29 MP: 3/3
  1078 | D:2      | Found an iron altar of Okawaru.
  1091 | D:2      | Became a worshipper of Warmaster Okawaru
  1535 | D:3      | Reached XP level 4. HP: 28/35 MP: 4/4
  2256 | D:3      | Gained mutation: You have a pair of small antennae on your head. [demonic ancestry]
  2256 | D:3      | Reached XP level 5. HP: 42/42 MP: 5/5
  2322 | D:3      | Reached skill level 1 in Invocations
  2531 | D:4      | Found Iva Wih's Antique Armour Shop.
  2738 | D:4      | Found a bloodstained altar of Trog.
  2785 | D:4      | Found a staircase to the Ecumenical Temple.
  2796 | D:4      | Reached * piety under Okawaru
  2802 | D:4      | Reached skill level 4 in Fighting
  2942 | D:4      | Gained mutation: You have a pair of antennae on your head. [demonic ancestry]
  2942 | D:4      | Reached XP level 6. HP: 48/48 MP: 7/7
  3492 | D:4      | Found Efymaa's Antique Armour Emporium.
  3685 | D:4      | Bought a brightly glowing shield for 180 gold pieces
  3695 | D:4      | Identified the +2 shield of Hadjma {rC+ Int-4 Slay+3} (You bought it in a shop on level 4 of the Dungeon)
  3737 | D:5      | Entered Level 5 of the Dungeon
  3751 | D:5      | Found an opulent altar of Gozag.
  4088 | D:5      | Reached XP level 7. HP: 53/55 MP: 9/9
  4296 | D:5      | Reached skill level 1 in Evocations
  4641 | D:5      | Reached ** piety under Okawaru
  4788 | D:6      | Reached skill level 5 in Fighting
  4788 | D:6      | Gained mutation: You are partially covered in large bone plates. (SH +4) [demonic ancestry]
  4788 | D:6      | Reached XP level 8. HP: 56/62 MP: 11/11
  4985 | D:6      | Found a transporter.
  5000 | D:6      | Found a transporter.
  5004 | D:6      | Noticed Ywein's ghost (novice MiFi)
  5046 | D:6      | Reached skill level 5 in Shields
  5135 | D:6      | Reached skill level 5 in Invocations
  5442 | D:7      | Reached skill level 5 in Armour
  5467 | D:7      | Noticed Dowan
  5502 | D:7      | Killed Dowan
  5520 | D:7      | Noticed Duvessa
  5541 | D:7      | Killed Duvessa
  5668 | D:7      | Upgraded the game from 0.22-a0-779-g6f83d72c62 to 0.22-a0-785-g6253c82ace
  5988 | D:7      | Gained mutation: You are partially covered in sharp spines. [demonic ancestry]
  5988 | D:7      | Reached XP level 9. HP: 69/69 MP: 13/13
  5989 | D:7      | Upgraded the game from 0.22-a0-785-g6253c82ace to 0.22-a0-799-g88f5e907b7
  6214 | D:7      | Reached *** piety under Okawaru
  6644 | D:7      | Reached skill level 6 in Fighting
  6644 | D:7      | Reached skill level 5 in Short Blades
  6658 | D:7      | Noticed Pikel
  6672 | D:7      | Killed Pikel
  6919 | D:8      | Reached **** piety under Okawaru
  7250 | D:8      | Reached skill level 5 in Evocations
  7308 | D:8      | Reached XP level 10. HP: 76/76 MP: 14/14
  7548 | D:8      | Reached skill level 7 in Fighting
  7696 | D:8      | Gained mutation: You occasionally shout uncontrollably at your foes. [potion of mutation]
  7696 | D:8      | Gained mutation: You are frail. (-10% HP) [potion of mutation]
  7696 | D:8      | Gained mutation: Scrolls take you a little longer to read. [potion of mutation]
  7696 | D:8      | Gained mutation: You have an increased reservoir of magic. (+10% MP) [potion of mutation]
  7697 | D:8      | Lost mutation: You are frail. (-10% HP) [potion of mutation]
  7697 | D:8      | Gained mutation: You expend magic power (3 MP) to strengthen your wands. [potion of mutation]
  7728 | D:8      | Reached ***** piety under Okawaru
  7825 | D:8      | Noticed Joseph
  7854 | D:8      | Killed Joseph
  7858 | D:8      | Found a staircase to the Lair.
  8052 | D:9      | Found a basalt altar of Yredelemnul.
  8269 | D:9      | Noticed Gastronok
  8302 | D:9      | Killed Gastronok
  8302 | D:9      | Received a gift from Okawaru
  8302 | D:9      | Received a gift from Okawaru
  8415 | D:8      | Reached skill level 8 in Fighting
  8688 | D:9      | Gained mutation: You are mostly covered in sharp spines. [demonic ancestry]
  8688 | D:9      | Reached XP level 11. HP: 85/85 MP: 17/17
  8730 | D:9      | Found a stormy altar of Qazlal.
  9178 | D:4      | Bought a faintly glowing chain mail for 294 gold pieces
  9180 | D:4      | Identified the +6 chain mail of the Nightingale {*Slow Int-4 Dex+10 Stlth+} (You bought it in a shop on level 4 of the Dungeon)
  9251 | D:6      | Killed Ywein's ghost
  9359 | Lair:1   | Entered Level 1 of the Lair of Beasts
  9557 | Lair:1   | Found a frozen archway.
  9644 | IceCv    | Entered an ice cave
  9687 | IceCv    | Noticed a white ugly thing
  9715 | IceCv    | Killed a white ugly thing
 10133 | IceCv    | Noticed a white ugly thing
 10151 | IceCv    | Killed a white ugly thing
 10153 | IceCv    | Found the +3 robe of Folly {Archmagi, MR-- Int+5}
 10295 | Lair:1   | Noticed a four-headed hydra
 10318 | Lair:1   | Killed a four-headed hydra
 10855 | Lair:1   | Reached skill level 9 in Fighting
 11343 | Lair:2   | Noticed a four-headed hydra
 11360 | Lair:2   | Killed a four-headed hydra
 11360 | Lair:2   | Reached XP level 12. HP: 86/95 MP: 16/19
 11424 | Lair:2   | Found a snail-covered altar of Cheibriados.
 11558 | Lair:2   | Found a runed gate.
 11558 | Lair:2   | Found a runed gate.
 11558 | Lair:2   | Found a viscous altar of Jiyva.
 11558 | Lair:2   | Found a runed gate.
 11558 | Lair:2   | Noticed a death ooze
 11558 | Lair:2   | Noticed Iratt's ghost (journeyman VSMo)
 11586 | Lair:2   | Noticed a catoblepas
 11601 | Lair:2   | Killed a catoblepas
 11601 | Lair:2   | Reached ****** piety under Okawaru
 11685 | Lair:2   | Received a gift from Okawaru
 12075 | Lair:2   | You fall through a shaft for 2 floors!
 12516 | Lair:3   | Found a labyrinth entrance.
 12868 | Lair:3   | Received a gift from Okawaru
 13281 | Lair:4   | Noticed Urug
 13373 | Lair:3   | Killed Urug
 13373 | Lair:3   | Reached skill level 10 in Fighting
 13489 | Lair:4   | Found a staircase to the Shoals.
 13611 | Lair:4   | Noticed Josephine
 13613 | Lair:4   | Found a staircase to the Snake Pit.
 13641 | Lair:3   | Killed Josephine
 13643 | Lair:3   | Received a gift from Okawaru
 13709 | Lair:4   | Gained mutation: You are mostly covered in large bone plates. (SH +6) [demonic ancestry]
 13709 | Lair:4   | Reached XP level 13. HP: 103/103 MP: 21/21
 13831 | Lair:4   | Noticed Nessos
 13981 | Lair:4   | Killed Nessos
 14346 | Lair:5   | Found a staircase to the Slime Pits.
 14395 | Lair:5   | Noticed Snorg
 14404 | Lair:5   | Killed Snorg
 14928 | Lair:5   | Identified a scroll of acquirement
 14972 | Lair:5   | Reached skill level 10 in Shields
 15077 | Lair:5   | Reached skill level 1 in Dodging
 15284 | Lair:5   | Reached skill level 10 in Armour
 15526 | Lair:6   | Entered Level 6 of the Lair of Beasts
 15535 | Lair:6   | Received a gift from Okawaru
 15577 | Lair:6   | Upgraded the game from 0.22-a0-799-g88f5e907b7 to 0.22-a0-803-gd6d8abeff0
 15874 | Lair:6   | Reached skill level 11 in Fighting
 15994 | Lair:6   | Reached skill level 10 in Evocations
 16327 | Lair:6   | Reached skill level 10 in Short Blades
 16331 | Lair:6   | Noticed a fire dragon
 16350 | Lair:6   | Killed a fire dragon
 16363 | Lair:6   | Gained mutation: You resist negative energy. (rN+) [demonic ancestry]
 16363 | Lair:6   | Reached XP level 14. HP: 85/113 MP: 16/23
 17022 | Lair:6   | Received a gift from Okawaru
 17585 | Lair:2   | Reached skill level 5 in Dodging
 17617 | Lair:2   | Killed Iratt's ghost
 17793 | D:10     | Entered Level 10 of the Dungeon
 18039 | D:10     | Noticed GordonOverkill's ghost (novice DEBe)
 18039 | D:10     | Found a runed gate.
 18040 | D:10     | Found a runed gate.
 18041 | D:10     | Found a runed gate.
 18053 | D:10     | Found a roughly hewn altar of Beogh.
 18138 | D:10     | Killed GordonOverkill's ghost
 18369 | D:10     | Found a snail-covered altar of Cheibriados.
 18414 | D:10     | Found a blossoming altar of Fedhas.
 18627 | D:10     | Received a gift from Okawaru
 18890 | D:11     | Found a staircase to the Orcish Mines.
 19497 | D:11     | Found a runed gate.
 19497 | D:11     | Found a runed gate.
 19497 | D:11     | Found a runed gate.
 19497 | D:11     | Noticed Brozuf's ghost (journeyman TrMo)
 19612 | Orc:1    | Entered Level 1 of the Orcish Mines
 20321 | Orc:2    | Entered Level 2 of the Orcish Mines
 20563 | Orc:2    | Found Basch's Antique Weapon Shop.
 20571 | Orc:2    | Bought a crude rapier for 297 gold pieces
 20645 | Orc:2    | Found a staircase to the Elven Halls.
 20749 | Orc:2    | Found Zym Qatofocs's Jewellery Emporium.
 20754 | Orc:2    | Gained mutation: You are completely covered in large bone plates. (SH +8) [demonic ancestry]
 20754 | Orc:2    | Reached XP level 15. HP: 120/120 MP: 25/25
 20893 | Orc:2    | Received a gift from Okawaru
 21022 | Orc:2    | Bought an uncursed ring of poison resistance for 240 gold pieces
 21071 | Orc:2    | Found Bupp's General Store.
 21079 | Orc:2    | Bought 3 scrolls of remove curse for 117 gold pieces
 21079 | Orc:2    | Bought a scroll of identify for 26 gold pieces
 21097 | Orc:2    | Found a roughly hewn altar of Beogh.
 21134 | Orc:2    | Found a roughly hewn altar of Beogh.
 21222 | Orc:2    | Noticed an orc warlord
 21227 | Orc:2    | Found Gacil's Antique Armour Boutique.
 21366 | Orc:1    | Killed an orc warlord
 21366 | Orc:1    | Reached skill level 12 in Fighting
 21849 | Snake:1  | Entered Level 1 of the Snake Pit
 22727 | Snake:1  | Noticed Aizul
 22741 | Snake:1  | Killed Aizul
 23612 | Snake:2  | Received a gift from Okawaru
 23817 | Snake:2  | Noticed Saint Roka
 24152 | Snake:2  | Paralysed by an orc sorcerer for 7 turns
 24158 | Snake:2  | HP: 3/122 [naga sharpshooter/bolt (24)]
 24158 | Snake:2  | Slain by an orc warrior

Vault maps used:
D:1:      dpeg_arrival_ternary
D:2:      marbit_many_paths
D:3:      cheibrodos_old_hovel
D:4:      minmay_temple_entry_crystal_x, serial_shops, shop,
          kennysheep_little_box, first_ration, trog_three_pillars_becter
D:5:      kennysheep_mini_moat
D:6:      gammafunk_ghost_stat_death, st_stairs_6
D:7:      uniq_pikel, uniq_duvessa
D:8:      grunt_lair_entry_orc_guard_hut, grunt_pizzeria,
          grunt_decor_resistance, nicolae_looking_at_the_future, uniq_joseph
D:9:      lemuel_crystal_altar, yredelemnul_altar_generic, minivault_22,
          uniq_gastronok
D:10:     basic_altar, biasface_ghost_orc_armoury, fedhas_altar_decomposition
D:11:     zombieorc1_lemuel, gammafunk_ghost_necromancy, minivault_23
Lair:1:   portal_ice_cave_entry_ice_beasts
Lair:2:   gammafunk_ghost_ooze, basic_altar, grunt_megastairs_3
Lair:3:   lab_entry_generic
Lair:4:   elwin_shoals_entry_stream, minmay_snake_entry_guardpost_large,
          minmay_lair_oklob_chamber, lemuel_fruit_tree, uniq_urug, uniq_nessos,
          uniq_josephine
Lair:5:   slime_dummy, special_room, uniq_snorg
Lair:6:   hangedman_lair_in_review, guppyfry_lair_end_dragon,
          nicolae_volcano_entry_batcave, minivault_19
Snake:1:  nicolae_snake_single_loop, grunt_ministairs_1, grunt_megastairs_1,
          uniq_aizul
Snake:2:  serial_bayou_lagoon_b, uniq_vashnia, uniq_saint_roka
Orc:2:    grunt_orc_gardens, grunt_orc_garden, grunt_orc_garden,
          grunt_orc_garden, grunt_orc_garden, special_room, basic_altar,
          mines1_david
IceCv:    ice_cave_statue_garden_chambered

Skill      XL: |  1  2  3  4  5  6  7  8  9 10 11 12 13 14 15 |
---------------+----------------------------------------------+-----
Shields        | 3 4 5 6 7 8 9 10 11 | 11.6
Armour         | 3 4 5 6 7 8 9 10 11 | 11.5
Short Blades   | 2 3 4 5 6 8 9 10 11 | 11.3
Invocations    | 2 3 4 5 6 7 8 |  8.0
Fighting       | 4 5 6 8 9 10 11 12 | 12.5
Evocations     | 1 3 5 6 7 9 10 11 | 11.0
Dodging        | 3 6 8 |  8.0

Action                   |  1- 3 |  4- 6 |  7- 9 | 10-12 | 13-15 || total
-------------------------+-------+-------+-------+-------+-------++-------
Melee: Rapier            |   139 |   203 |   403 |   418 |       ||  1163
       Short sword       |       |       |       |   196 |       ||   196
       Quick blade       |       |       |       |   294 |  1957 ||  2251
Invok: Heroism           |       |       |     9 |    17 |    12 ||    38
       Finesse           |       |       |       |     4 |     7 ||    11
 Abil: Evoke Berserk Rag |       |       |       |     5 |     2 ||     7
Evoke: Wand              |       |       |       |     9 |    21 ||    30
  Use: Scroll            |    10 |     6 |     3 |    10 |    13 ||    42
       Potion            |     1 |       |     1 |     4 |     1 ||     7
 Stab: Paralysed         |       |       |       |       |     9 ||     9
  Eat: Chunk             |     2 |     9 |    10 |    13 |    25 ||    59
       Ration            |       |       |       |     4 |     4 ||     8
Armor: Scale mail        |    60 |    69 |     5 |       |       ||   134
       Chain mail        |       |       |   106 |     3 |   145 ||   254
       Plate armour      |       |       |       |   162 |    40 ||   202
Dodge: Dodged            |    30 |    53 |    68 |    67 |   171 ||   389
Block: Shield            |    67 |    90 |   351 |   442 |   812 ||  1762

Table legend:
 A = Spawn XP
 B = Non-spawn XP
 C = Spawn XP percentage of total XP
 D = Spawn monster count
 E = Non-spawn monster count
 F = Spawn count percentage of total count
 G = Total turns spent on level
                    A         B        C        D         E        F      G
               +---------+---------+-------+---------+---------+-------+---------
         Total |       0 |  137822 |   0.0 |       0 |     758 |   0.0 | 24158
               +---------+---------+-------+---------+---------+-------+---------
           D:1 |       0 |      33 |   0.0 |       0 |      12 |   0.0 |   865
           D:2 |       0 |      50 |   0.0 |       0 |      20 |   0.0 |   641
           D:3 |       0 |     118 |   0.0 |       0 |      29 |   0.0 |  1002
           D:4 |       0 |     248 |   0.0 |       0 |      19 |   0.0 |  1475
           D:5 |       0 |     742 |   0.0 |       0 |      16 |   0.0 |   930
           D:6 |       0 |    1801 |   0.0 |       0 |      33 |   0.0 |   873
           D:7 |       0 |    1962 |   0.0 |       0 |      26 |   0.0 |  1480
           D:8 |       0 |    3821 |   0.0 |       0 |      52 |   0.0 |  1364
           D:9 |       0 |    3466 |   0.0 |       0 |      19 |   0.0 |   803
          D:10 |       0 |    6202 |   0.0 |       0 |      61 |   0.0 |   894
          D:11 |       0 |    8848 |   0.0 |       0 |      75 |   0.0 |  1053
        Lair:1 |       0 |    5015 |   0.0 |       0 |      25 |   0.0 |  1330
        Lair:2 |       0 |    8245 |   0.0 |       0 |      30 |   0.0 |  1099
        Lair:3 |       0 |    8000 |   0.0 |       0 |      32 |   0.0 |  1216
        Lair:4 |       0 |    8830 |   0.0 |       0 |      30 |   0.0 |  1133
        Lair:5 |       0 |   10595 |   0.0 |       0 |      41 |   0.0 |  1196
        Lair:6 |       0 |   23966 |   0.0 |       0 |      71 |   0.0 |  1928
       Snake:1 |       0 |   15657 |   0.0 |       0 |      32 |   0.0 |  2063
       Snake:2 |       0 |    8208 |   0.0 |       0 |      20 |   0.0 |   222
         Orc:1 |       0 |    4744 |   0.0 |       0 |      31 |   0.0 |   696
         Orc:2 |       0 |   14044 |   0.0 |       0 |      73 |   0.0 |  1301
         IceCv |       0 |    3227 |   0.0 |       0 |      11 |   0.0 |   594
               +---------+---------+-------+---------+---------+-------+---------
